 Dungeon Crawl Stone Soup version 0.18-a0-1312-gf98331d (webtiles) character file.

1583 sugabear the Ruffian (level 8, -1/72 HPs)
             Began as a Troll Transmuter on Feb 14, 2016.
             Was a Priest of Nemelex Xobeh.
             Slain by a hill giant
             ... wielding a +0 giant club
              (32 damage)
             ... on level 6 of the Dungeon.
             The game lasted 00:14:30 (6617 turns).

sugabear the Ruffian (Troll Transmuter)             Turns: 6617, Time: 00:14:30

Health: -1/72      AC:  7    Str: 19    XL:     8   Next: 60%
Magic:  11/11      EV: 13    Int: 11    God:    Nemelex Xobeh [***...]
Gold:   352        SH:  0    Dex: 10    Spells: 1 memorised, 11 levels left

rFire  . . .     SeeInvis +       - Unarmed
rCold  . . .     Gourm    +     u - +0 robe
rNeg   . . .     Faith    .     (no shield)
rPois  +         Spirit   .     (helmet restricted)
rElec  .         Dismiss  .     s - +1 cloak {rPois}
rCorr  .         Reflect  .     (gloves unavailable)
SustAt .         Harm     .     (boots unavailable)
MR     .....                    O - amulet of regeneration
Stlth  +.........               i - ring of see invisible
                                f - +3 ring of evasion

@: not resistant to hostile enchantments, very unstealthy
A: unfitting armour, claws 3, fast metabolism 3, gourmand, sense surroundings 1,
regeneration 2, shaggy fur 1, tough skin 2
a: Triple Draw, Renounce Religion


You were on level 6 of the Dungeon.
You worshipped Nemelex Xobeh.
Nemelex Xobeh was most pleased with you.
You were not hungry.

You visited 2 branches of the dungeon, and saw 11 of its levels.

You collected 367 gold pieces.
You spent 15 gold pieces at shops.

Inventory:

Hand Weapons
 a - a +0 hunting sling of flaming
 b - a +0 hunting sling of freezing
 o - the +5 dagger "Virphiora" {venom, rN+ Int+6}
   (You found it on level 5 of the Dungeon)

   It poisons the flesh of those it strikes.
   It affects your intelligence (+6).
   It protects you from negative energy.
Missiles
 l - 182 stones (quivered)
 D - 9 tomahawks
Armour
 s - a +1 cloak of poison resistance (worn)
 u - a +0 robe (worn)
Jewellery
 f - a +3 ring of evasion (left claw)
 i - a ring of see invisible (right claw)
 m - an uncursed ring of magical power
 J - an uncursed ring of stealth
 O - an amulet of regeneration (around neck)
Wands
 C - a wand of slowing (18/48)
 M - a wand of iceblast (5/15)
Scrolls
 e - 3 scrolls of fear {unknown}
 g - 5 scrolls of remove curse {unknown}
 h - 6 scrolls of identify {unknown}
 k - 3 scrolls of recharging {unknown}
 p - a scroll of teleportation {unknown}
 q - 2 scrolls of enchant weapon {unknown}
 t - a scroll of random uselessness {unknown}
 B - 3 scrolls of magic mapping {unknown}
 H - a scroll of noise {unknown}
 K - a scroll of immolation {unknown}
Potions
 j - 2 potions of agility
 v - a potion of berserk rage
 w - 5 potions of curing
 x - a potion of cure mutation
 A - 3 potions of haste
 L - a potion of lignification {unknown}
Books
 c - a book of Changes

   Spells                             Type                      Level
   a - Beastly Appendage              Transmutation                1
   b - Sticks to Snakes               Transmutation                2
   c - Spider Form                    Transmutation/Poison         3
   d - Ice Form                       Ice/Transmutation            4
   e - Blade Hands                    Transmutation                5
 E - a book of the Sky

   Spells                             Type                      Level
   a - Summon Lightning Spire         Summoning/Air                4
   b - Airstrike                      Air                          4
   c - Silence                        Hexes/Air                    5
   d - Deflect Missiles               Charms/Air                   6
   e - Conjure Ball Lightning         Conjuration/Air              6
   f - Tornado                        Air                          9
Miscellaneous
 n - a plain deck of war {drawn: 2}
 y - a plain deck of destruction {drawn: 6}
 F - a plain deck of escape {drawn: 1}
 N - a legendary deck of destruction
Comestibles
 d - 10 bread rations
 r - 3 fruits
 G - 2 slices of pizza
 I - a meat ration


   Skills:
 + Level 2.3 Fighting
 + Level 3.2(3.3) Slings
 + Level 0.5(2.7) Throwing
 + Level 3.5 Dodging
 + Level 1.4 Stealth
 + Level 4.7 Unarmed Combat
 * Level 2.9 Spellcasting
 * Level 3.0 Transmutations
 * Level 2.7 Evocations


You had 11 spell levels left.
You knew the following spells:

 Your Spells              Type           Power        Failure   Level  Hunger
a - Beastly Appendage     Trmt           #.....       10%         1    #......


Dungeon Overview and Level Annotations

Branches:
Dungeon (10/15)            Temple (1/1) D:5
   Lair: D:8-11         Orc: D:9-12

Altars:
Ashenzari
Cheibriados
Dithmenos
Elyvilon
Fedhas
Gozag
Kikubaaqudgha
Makhleb
Nemelex Xobeh
Okawaru
Pakellas
Qazlal
Ru
Sif Muna
Trog
Vehumet
Xom
Zin

Shops:
D:4 *

Annotations:
D:8 Beartado's ghost, novice DDBe


Innate Abilities, Weirdness & Mutations

You are too large for most types of armour.
You have claws for hands.
Your metabolism is lightning-fast.
You like to eat raw meat.
You heal very quickly.
You are covered in fur (AC +1).
You have very tough skin (AC +2).
You passively map a small area around you.


Message History

Evoke which item? (* to show all) (? for menu, Esc to quit)
You draw a card...
It is Vitriol.
You have drawn Vitriol.
Press: ? - help, Shift-Dir - straight line, f/p - hill giant
Aim: a hill giant, wielding a giant club The acid hits the giant frog zombie.
You destroy the giant frog zombie!
The centaur shoots an arrow.
The arrow hits you!
The centaur shoots an arrow.
The arrow hits you!
Unknown command.
Evoke which item? (* to show all) (? for menu, Esc to quit)
You draw a card...
It is the Hammer.
You have drawn the Hammer.
Press: ? - help, Shift-Dir - straight line, f/p - hill giant
Aim: a hill giant, wielding a giant club The stone arrow hits the hill giant.
The hill giant is lightly wounded.
The hill giant hits you with a giant club!!
You die...
Your body disappears without a glow.

* #####* * # , , , #
*,, +.....# , ,# *,
,#.....# * .# ## ,
#.....# ..# * #. ,
#.....# ...( #.
,#.....# .(... , #. *
, , #...[.###......
#. #......@Cc(...? #.
,,, #......##.....#
*+ * #. ####(#รท#
.#### , #. , #.#.# #
## ** #.#.# , , ,
###########
#.#.#################
..........#
#.#....##...........#
#########.#
#.#....##.#<.........
, #.#
#.#....##.##.........


You could see a hill giant and a centaur.

Vanquished Creatures
  A steam dragon (D:8)
  Menkaure (D:4)
  A water moccasin (D:6)
  An ice beast (D:5)
  A sky beast (D:5)
  A phantom (D:4)
  An ogre (D:4)
  A giant frog (D:6)
  A scorpion (D:9)
  2 crimson imps
  A giant frog zombie (D:6)
  3 hounds
  3 orc wizards
  Crazy Yiuf (D:2)
  5 iguanas
  Natasha (twice) (D:3)
  2 worker ants
  6 adders
  A river rat (D:3)
  5 worms
  3 giant geckos
  6 orcs
  A giant cockroach (D:5)
  4 hobgoblins
  5 jackals
  5 kobolds
  2 quokkas
  5 bats
  5 giant newts
  7 goblins
  A quokka skeleton (D:3)
  5 rats
89 creatures vanquished.

Vanquished Creatures (collateral kills)
  An orc warrior (D:7)
  A scorpion (D:7)
  An adder (D:3)
  5 orcs
8 creatures vanquished.

Grand Total: 97 creatures vanquished

Notes
Turn   | Place    | Note
--------------------------------------------------------------
     0 | D:1      | sugabear the Troll Transmuter began the quest for the Orb.
     0 | D:1      | Reached XP level 1. HP: 18/18 MP: 1/1
   115 | D:1      | Reached XP level 2. HP: 26/26 MP: 3/3
   522 | D:2      | Found a deep blue altar of Sif Muna.
   553 | D:2      | Found a sparkling altar of Nemelex Xobeh.
   561 | D:2      | Became a worshipper of Nemelex Xobeh the Trickster
   692 | D:2      | Received a gift from Nemelex Xobeh
   936 | D:2      | Found a snail-covered altar of Cheibriados.
  1100 | D:2      | Noticed Crazy Yiuf
  1105 | D:2      | Killed Crazy Yiuf
  1105 | D:2      | Reached XP level 3. HP: 32/32 MP: 4/4
  1189 | D:2      | Reached XP level 4. HP: 40/40 MP: 5/5
  1276 | D:3      | Reached * piety under Nemelex Xobeh
  1388 | D:3      | Received a gift from Nemelex Xobeh
  1598 | D:3      | Noticed Natasha
  1604 | D:3      | Noticed Natasha
  1604 | D:3      | Natasha changed into Natasha the river rat
  1605 | D:3      | Killed Natasha the river rat
  2041 | D:3      | Found a bloodstained altar of Trog.
  2296 | D:3      | Found a bloodstained altar of Trog.
  2732 | D:3      | Noticed Natasha
  2737 | D:3      | Killed Natasha
  2737 | D:3      | Reached skill level 1 in Slings
  2737 | D:3      | Reached skill level 1 in Evocations
  2745 | D:3      | Reached XP level 5. HP: 44/46 MP: 6/6
  2951 | D:3      | Noticed Natasha
  2959 | D:3      | Killed Natasha
  2959 | D:3      | Reached skill level 1 in Fighting
  3368 | D:4      | Received a gift from Nemelex Xobeh
  3569 | D:4      | Noticed an ogre
  3578 | D:4      | Killed an ogre
  3578 | D:4      | Reached XP level 6. HP: 42/55 MP: 7/7
  3781 | D:4      | Found Cosif's General Store.
  3789 | D:4      | Bought 12 stones for 15 gold pieces
  3797 | D:4      | Noticed Menkaure
  3807 | D:4      | Killed Menkaure
  3807 | D:4      | Reached skill level 4 in Unarmed Combat
  3807 | D:4      | Reached XP level 7. HP: 16/62 MP: 9/9
  3971 | D:4      | Reached ** piety under Nemelex Xobeh
  4183 | D:5      | Entered Level 5 of the Dungeon
  4389 | D:5      | Reached skill level 1 in Stealth
  4394 | D:5      | Gained mutation: You passively map a small area around you. [mutagenic meat]
  4395 | D:5      | Gained mutation: You have supernaturally acute eyesight. [mutagenic meat]
  4396 | D:5      | Gained mutation: You are occasionally teleported next to monsters. [mutagenic meat]
  4397 | D:5      | Gained mutation: Your spells are a little easier to cast, but a little less powerful. [mutagenic meat]
  4398 | D:5      | Gained mutation: Your mind is acute. (Int +2) [mutagenic meat]
  4481 | D:5      | Lost mutation: Your mind is acute. (Int +2) [potion of cure mutation]
  4481 | D:5      | Lost mutation: Your spells are a little easier to cast, but a little less powerful. [potion of cure mutation]
  4481 | D:5      | Lost mutation: You are occasionally teleported next to monsters. [potion of cure mutation]
  4481 | D:5      | Lost mutation: You have supernaturally acute eyesight. [potion of cure mutation]
  4498 | D:5      | Got an encrusted dagger
  4499 | D:5      | Identified the +5 dagger "Virphiora" {venom, rN+ Int+6} (You found it on level 5 of the Dungeon)
  4558 | D:5      | Found a sacrificial altar of Ru.
  4747 | D:5      | Found a staircase to the Ecumenical Temple.
  4749 | D:5      | You fall through a shaft for 3 floors!
  4749 | D:8      | Noticed Beartado's ghost (novice DDBe)
  4769 | D:8      | Noticed a wyvern
  4769 | D:8      | Noticed a wyvern
  4771 | D:8      | You fall through a shaft for 2 floors!
  4771 | D:10     | Entered Level 10 of the Dungeon
  4994 | D:8      | Noticed a steam dragon
  5003 | D:8      | Killed a steam dragon
  5003 | D:8      | Reached XP level 8. HP: 72/72 MP: 10/10
  5407 | D:7      | Received a gift from Nemelex Xobeh
  5648 | D:6      | Reached *** piety under Nemelex Xobeh
  5823 | Temple   | Entered the Ecumenical Temple
  6610 | D:6      | Noticed a hill giant
  6617 | D:6      | Slain by a hill giant

Vault maps used:
D:1:      dpeg_arrival_refuge
D:2:      lemuel_blue_sif_altar, nicolae_overflow_crystal_walls, serial_bayou,
          serial_bayou_lagoon_a, serial_bayou_shore_b, serial_bayou_pond_a,
          serial_bayou_shore_b, grunt_decor_mini_mirrors, cheibriados_altar_1,
          uniq_crazy_yiuf_cottage
D:3:      marbit_many_paths, kennysheep_boxes, uniq_natasha
D:4:      serial_shops, shop, uniq_menkaure
D:5:      nicolae_ru_great_annihilating_truth, first_bread
D:7:      lemuel_coloured_pillars_altar
D:8:      lemuel_mausoleum_altar_yredelemnul, uniq_erolcha
Temple:   hc_temple_tempest_star

Action                   |  1- 3 |  4- 6 |  7- 9 || total
-------------------------+-------+-------+-------++-------
Melee: Unarmed           |    57 |    92 |    98 ||   247
       Dagger            |       |       |     1 ||     1
 Fire: Hunting sling     |    17 |    70 |    66 ||   153
Throw: Stone             |     3 |       |       ||     3
Evoke: Deck              |       |     2 |     7 ||     9
       Wand              |       |       |     2 ||     2
  Use: Potion            |       |       |     8 ||     8
 Stab: Paralysed         |       |       |     1 ||     1
       Sleeping          |       |       |     1 ||     1
  Eat: Chunk             |    15 |    25 |    24 ||    64
